 Dungeon Crawl Stone Soup version 0.25.1-2-g60ff931df9 (webtiles) character file.

Game seed: 16309844642437252958

23 Allula97 the Sneak (level 2, -10/14 HPs)
             Began as a Spriggan Enchanter on Nov 13, 2020.
             Mangled by an orc wizard
             ... wielding a +0 dagger of electrocution
              (16 damage)
             ... on level 2 of the Dungeon.
             The game lasted 00:06:13 (915 turns).

Allula97 the Sneak (Spriggan Enchanter)              Turns: 915, Time: 00:06:13

Health: -10/14     AC:  2    Str:  4    XL:     2   Next: 72%
Magic:  2/6        EV: 19    Int: 16    God:
Gold:   46         SH:  0    Dex: 16    Spells: 3/6 levels left

rFire    . . .     SeeInvis +   a - +1 dagger
rCold    . . .     Gourm    .   (shield restricted)
rNeg     . . .     Faith    .   b - +0 robe
rPois    .         Spirit   .   (helmet restricted)
rElec    .         Reflect  .   c - scarf {repulsion}
rCorr    .         Harm     .   (gloves unavailable)
MR       .....                  (boots unavailable)
Stlth    +++.......             (no amulet)
HPRegen  0.04/turn              (no ring)
MPRegen  0.10/turn              (no ring)

@: brilliant, hasted, repel missiles, very quick
A: very small, unfitting armour, see invisible, herbivore, speed 3, slow
metabolism 2
a: no special abilities


You were on level 2 of the Dungeon.
You were not hungry.

You visited 1 branch of the dungeon, and saw 2 of its levels.

You collected 46 gold pieces.

Inventory:

Hand Weapons
 a - a +1 dagger (weapon)
 h - a +0 dagger of pain
Missiles
 m - a throwing net (quivered)
Armour
 b - a +0 robe (worn)
 c - a scarf of repulsion (worn)
Scrolls
 e - 2 scrolls of identify {unknown}
 i - a scroll of enchant weapon {unknown}
 j - 2 scrolls of blinking {unknown}
 k - a scroll of remove curse {unknown}
Potions
 l - a potion of haste
Comestibles
 d - 2 rations


   Skills:
 * Level 0.6 Fighting
 * Level 1.7 Short Blades
 * Level 3.5 Dodging
 * Level 4.7 Stealth
 + Level 2.8 Spellcasting
 + Level 3.7 Hexes


You had 3 spell levels left.
You knew the following spells:

 Your Spells              Type           Power        Failure   Level  Hunger
a - Corona                Hex            ###....      4%          1    None
b - Ensorcelled Hibernat  Hex/Ice        ##....       13%         2    None

Your spell library contained the following spells:

 Spells                   Type           Power        Failure   Level  Hunger
 Confusing Touch          Hex            ###.....     12%         3    None
 Tukima's Dance           Hex            ###.....     12%         3    None
 Dazzling Flash           Conj/Hex       ##....       26%         3    None


Dungeon Overview and Level Annotations

Branches:
Dungeon (2/15)

Altars:


Innate Abilities, Weirdness & Mutations

You are very small and have problems with some larger weapons.
You are too small for most types of armour.
You have supernaturally acute eyesight. (SInv)
You are a herbivore.
You cover ground extremely quickly.
You need to consume almost no food.


Message History

The kobold is severely wounded.
The kobold hits you with a +0 club.
You hit the kobold but do no damage.
The kobold is severely wounded.
The orc wizard barely misses you. The kobold misses you.
The orc wizard barely misses you.
You hit the kobold.
You kill the kobold!
You barely miss the orc wizard. The orc wizard misses you.
You barely miss the orc wizard. The orc wizard misses you.
You hit the orc wizard.
The orc wizard is moderately wounded.
The orc wizard is no longer moving quickly.
The orc wizard hits you with a +0 dagger of electrocution.
You closely miss the orc wizard.
The orc wizard is moderately wounded.
The orc wizard hits you with a +0 dagger of electrocution.
You are electrocuted!
Ouch! That really hurt!
You die...

#........########...#.#
#.##.#.#.# ##..#.#
#.####.#.# ##...#
#........# #.###
######.### ##.### #.#
#..... #.# #...## . #o#
####...## ... #@#
#........
.....#######)#
#........
.....o..(((..#
#....<...
..(K..########
####..... #.### #.....
#..... ####.# #†# #.#


You could see an orc wizard.

Vanquished Creatures
  A dart slug (D:1)
  A leopard gecko (D:1)
  3 bats
  3 goblins (D:1)
  5 hobgoblins (D:1)
  2 kobolds
  4 rats (D:1)
19 creatures vanquished.

Notes
Turn   | Place    | Note
-------+----------+-------------------------------------------
     0 | D:1      | Allula97 the Spriggan Enchanter began the quest for the
                  | Orb.
     0 | D:1      | Reached XP level 1. HP: 9/9 MP: 5/5
   236 | D:1      | Reached XP level 2. HP: 3/13 MP: 4/6
   240 | D:1      | Learned a level 2 spell: Ensorcelled Hibernation
   915 | D:2      | Mangled by an orc wizard

Illustrated notes

Levels and vault maps discovered:
D:1:      dpeg_arrival_orchard, layout_loops_ring
D:2:      layout_loops_corners, minmay_circled_x, uniq_natasha

Action                   || total
-------------------------++-------
Melee: Dagger            ||    76
 Cast: Corona            ||     2
       Ensorcelled Hiber ||     8
  Use: Potion            ||     5
 Stab: Sleeping          ||    12
Armor: Robe              ||     3
Dodge: Dodged            ||    56
       Repelled          ||     1
